 Dungeon Crawl Stone Soup version 0.29-a0-1033-gb6c65ffae6 (console) character file.

Game seed: 8816666481605575416

11029 jejorda2 the Carver (level 11, 0/95 HPs)
             Began as a White Draconian Berserker on Aug 14, 2022.
             Was a Priest of Trog.
             Slain by a two-headed ogre
             ... wielding a +0 giant club
              (19 damage)
             ... on level 11 of the Dungeon.
             The game lasted 00:38:39 (12901 turns).

jejorda2 the Carver (White Draconian Berserker)    Turns: 12901, Time: 00:38:40

Health: 0/95       AC:  8    Str: 21    XL:     11   Next: 43%
Magic:  11/11      EV: 19    Int:  7    God:    Trog [***...]
Gold:   456        SH:  0    Dex: 14    Spells: 10/10 levels left

rFire   . . .      SeeInvis .   a - +2 great sword
rCold   + . .      Faith    .   (shield currently unavailable)
rNeg    . . .      Spirit   .   (body armour unavailable)
rPois   +          Reflect  .   (helmet restricted)
rElec   .          Harm     .   g - +0 cloak
rCorr   .          Rampage  .   (no gloves)
Will    ++...                   (no boots)
Stlth   +.........              (no amulet)
HPRegen 1.25/turn               q - +4 ring of evasion
MPRegen 0.12/turn               D - ring of poison resistance

@: short of breath, strong-willed, on berserk cooldown, regenerating
A: breathe frost, AC +7, unfitting armour, cold resistance 1, cold-blooded
a: Breathe Frost, Renounce Religion, Berserk, Trog's Hand


You were on level 11 of the Dungeon.
You worshipped Trog.
Trog was most pleased with you.
You visited 1 branch of the dungeon, and saw 11 of its levels.
You also visited: Ossuary.

You collected 656 gold pieces.
You spent 200 gold pieces at shops.

Inventory:

Hand Weapons
 a - a +2 great sword (weapon)
 b - a +5 dagger
 s - a +1 vorpal falchion
Missiles
 c - 131 stones (quivered)
 h - 43 poisoned darts
 o - a throwing net
 x - 9 javelins
 F - 6 curare-tipped darts
Armour
 g - a +0 cloak (worn)
Jewellery
 q - a +4 ring of evasion (left hand)
 B - a ring of positive energy
 C - a ring of ice
 D - a ring of poison resistance (right hand)
 E - a ring of ice
Wands
 p - a wand of charming (7)
 r - a wand of flame (44)
Scrolls
 i - 2 scrolls of summoning
 m - 2 scrolls of enchant weapon
 v - 2 scrolls of teleportation
 y - 3 scrolls of enchant armour
 z - 4 scrolls of identify
Potions
 d - 3 potions of heal wounds
 e - a potion of ambrosia
 f - a potion of might
 j - 7 potions of curing
 k - 3 potions of berserk rage
 l - 3 potions of lignification
 n - 4 potions of mutation
 t - 3 potions of attraction
 u - 4 potions of haste
 w - 6 potions of cancellation
Miscellaneous
 A - a phial of floods (inert)


   Skills:
 + Level 8.5 Fighting
 - Level 14.0 Long Blades
 + Level 7.8 Dodging
 + Level 5.2 Evocations


You had 10 spell levels left.
You didn't know any spells.
Your spell library was empty.

Dungeon Overview and Level Annotations

Branches:
Dungeon (11/15)            Temple (0/1) D:6            Lair (0/5) D:11
Ossuary (visited)
    Orc: D:9-12

Altars:
Gozag
Makhleb
Okawaru
Sif Muna
Zin

Shops:
D:5 :   D:8 !   D:11 =

Annotations:
D:7 2 runed translucent doors, exclusion: door, Crazy Yiuf; Zeldest's ghost, novice NaSu
D:11 3 runed translucent doors, porpoise's ghost, journeyman DrTm


Innate Abilities, Weirdness & Mutations

You can breathe waves of freezing cold which knock back foes.
Your icy white scales are hard. (AC +7)
You cannot fit into any form of body armour.
Your flesh is cold resistant. (rC+)
You are cold-blooded and may be slowed by cold attacks.


Message History

You slash something!
Something hits you but does no damage. x2
Found a scroll labelled LEJAAK LUKAMI.
Something hits you but does no damage. Something hits you but does no damage.
You see here 13 gold pieces.
Something hits you. Something hits you! Something hits you.
Found a robe.
Something completely misses you. Something hits you but does no damage.
A two-headed ogre comes into view. It is wielding two +0 giant clubs.
The two-headed ogre shouts in stereo!
Something hits you but does no damage. Something barely misses you.
You hit something.
You feel yourself speed up. Something hits you.
You slash something! Something hits you.
Your skin crawls.
You feel strong-willed.
You can no longer call in reinforcements.
Something closely misses you.
You barely miss something.
Your tail-slap misses something.
Something barely misses you. x2
You slice the two-headed ogre!!
The two-headed ogre is moderately wounded.
Something hits you. Something hits you but does no damage.
The two-headed ogre hits you with a +0 giant club!!
The two-headed ogre hits you with a +0 giant club!
* * * LOW HITPOINT WARNING * * *
You barely miss the two-headed ogre.
The two-headed ogre is moderately wounded.
Something hits you.
* * * LOW HITPOINT WARNING * * *
Aiming: Breathe Frost (3% risk of failure)
Press: ? - help, Shift-Dir - straight line, f - two-headed ogre
Aim: a two-headed ogre, wielding two +0 giant clubs (moderately wounded, 85% to hit)
You exhale a wave of freezing cold.
The freezing breath hits the two-headed ogre!
The two-headed ogre is heavily wounded.
The two-headed ogre barely misses you.
The two-headed ogre hits you with a +0 giant club!!
You die...

....................#.
........................
.....?.......(####......
...............##.......
.....##.................
...........$.....>......
.......##{###...........
.......#....#...........
.[....O@#..###..........
#.......#### #####..#...
#....#### ##..### ##..
..# #. ..# #


You could see a two-headed ogre.

Vanquished Creatures
  Fannar (D:11)
  A hydra (D:7)
  2 two-headed ogres
  Pikel (D:5)
  A cyclops (D:11)
  Joseph (D:7)
  A gargoyle (D:10)
  A kobold demonologist (D:11)
  2 trolls
  A hornet (D:10)
  Prince Ribbit (D:5)
  A shadow (D:10)
  A wraith (D:11)
  Sigmund (D:5)
  10 yaks
  2 steam dragons (D:7)
  2 acid dragons (D:11)
  3 water moccasins
  Duvessa (D:5)
  An ice beast (D:7)
  3 centaurs
  2 ogres
  A phantom (D:5)
  4 kobold brigands
  5 scorpions
  A necrophage (D:5)
  15 wights
  Dowan (D:5)
  A centaur zombie (Ossuary)
  3 jellies
  8 hounds
  5 orc priests
  A human zombie (Ossuary)
  Ijyb (D:3)
  An iguana (D:3)
  16 orc wizards
  8 adders
  A white imp (D:6)
  An ufetubus (D:7)
  A worm (D:5)
  3 dart slugs
  39 orcs
  8 endoplasms
  17 goblins
  7 hobgoblins
  12 jackals
  31 kobolds
  5 quokkas
  11 ball pythons
  6 bats
  2 frilled lizards
  A goblin zombie (Ossuary)
  5 hobgoblin zombies (Ossuary)
  2 jackal zombies (Ossuary)
  9 kobold zombies (Ossuary)
  6 orc zombies (Ossuary)
  6 rats
  A rat zombie (Ossuary)
285 creatures vanquished.

Vanquished Creatures (collateral kills)
  An elf zombie (Ossuary)
  A centaur zombie (Ossuary)
  2 human zombies (Ossuary)
  2 mummies (Ossuary)
  An adder zombie (Ossuary)
  A hobgoblin zombie (Ossuary)
  2 kobold zombies (Ossuary)
  2 orc zombies (Ossuary)
  A rat zombie (Ossuary)
13 creatures vanquished.

Vanquished Creatures (others)
  An orc priest (D:6)
  2 fungi (D:7)
  12 plants
15 creatures vanquished.

Grand Total: 313 creatures vanquished

Notes
Turn   | Place    | Note
-------+----------+-------------------------------------------
     0 | D:1      | jejorda2 the Draconian Berserker began the quest for the
                  | Orb.
     0 | D:1      | Reached XP level 1. HP: 19/19 MP: 1/1
   270 | D:1      | Reached XP level 2. HP: 26/26 MP: 2/2
   854 | D:1      | Reached XP level 3. HP: 30/31 MP: 3/3
  1028 | D:2      | Reached ** piety under Trog
  1387 | D:2      | Reached skill level 4 in Long Blades
  1481 | D:2      | Found a faded altar of an unknown god.
  1889 | D:3      | Reached XP level 4. HP: 31/40 MP: 4/4
  2288 | D:3      | Noticed Ijyb
  2332 | D:3      | Killed Ijyb
  2579 | D:3      | You fall into a shaft and drop 2 floors!
  2579 | D:5      | Entered Level 5 of the Dungeon
  2619 | D:5      | Found a shimmering blue altar of Sif Muna.
  2637 | D:5      | Reached XP level 5. HP: 46/46 MP: 5/5
  2682 | D:5      | Found Rifer's Book Shoppe.
  2722 | D:5      | Reached skill level 5 in Long Blades
  2744 | D:5      | Noticed a lemure
  2744 | D:5      | Noticed a lemure
  2745 | D:5      | Noticed Pikel
  2746 | D:5      | Noticed a lemure
  2748 | D:5      | Noticed a lemure
  2757 | D:5      | Reached XP level 6. HP: 50/53 MP: 6/6
  2766 | D:5      | Killed Pikel
  2767 | D:5      | Reached skill level 5 in Fighting
  2767 | D:5      | Reached skill level 6 in Long Blades
  2767 | D:5      | Your scales start taking on an icy white colour.
  2767 | D:5      | Reached XP level 7. HP: 28/61 MP: 7/7
  2767 | D:5      | Gained mutation: Your flesh is cold resistant. (rC+) [White
                  | Draconian growth]
  3012 | D:5      | Reached skill level 7 in Long Blades
  3260 | D:5      | Noticed Prince Ribbit
  3267 | D:5      | Noticed Sigmund
  3277 | D:5      | Killed Sigmund
  3278 | D:5      | Reached skill level 5 in Dodging
  3278 | D:5      | Reached XP level 8. HP: 70/70 MP: 8/8
  3292 | D:5      | Killed Prince Ribbit
  3351 | D:5      | Reached skill level 8 in Long Blades
  3855 | D:5      | Found an opulent altar of Gozag.
  3917 | D:5      | Found a glowing silver altar of Zin.
  4102 | D:5      | Noticed Dowan
  4104 | D:5      | Noticed Duvessa
  4112 | D:5      | Killed Duvessa
  4169 | D:5      | Killed Dowan
  4277 | D:5      | Reached skill level 9 in Long Blades
  4914 | D:4      | Reached *** piety under Trog
  5735 | D:6      | Reached XP level 9. HP: 44/75 MP: 9/9
  6070 | D:6      | Reached skill level 10 in Long Blades
  6125 | D:6      | Found a staircase to the Ecumenical Temple.
  6405 | D:7      | Noticed Joseph
  6421 | D:7      | Killed Joseph
  6422 | D:7      | Reached skill level 11 in Long Blades
  6516 | D:7      | Found a runed translucent door.
  6517 | D:7      | Noticed Crazy Yiuf
  6564 | D:7      | Found a runed translucent door.
  6569 | D:7      | Noticed Zeldest's ghost (novice NaSu)
  6696 | D:7      | Found a sand-covered staircase.
  6701 | Ossuary  | Entered an ossuary
  6858 | Ossuary  | Reached **** piety under Trog
  6883 | Ossuary  | Reached skill level 12 in Long Blades
  7512 | D:7      | Noticed a five-headed hydra
  7696 | D:7      | Reached XP level 10. HP: 53/83 MP: 10/10
  7843 | D:7      | Killed a five-headed hydra
  7844 | D:7      | Reached skill level 13 in Long Blades
  8373 | D:8      | Found an iron altar of Okawaru.
  8393 | D:8      | Found Feovuoho's Distillery.
  9186 | D:9      | Noticed a two-headed ogre
  9193 | D:9      | Killed a two-headed ogre
  9194 | D:9      | Reached skill level 14 in Long Blades
  9319 | D:9      | Reached skill level 1 in Evocations
 10595 | D:10     | Entered Level 10 of the Dungeon
 10616 | D:10     | Noticed a gargoyle
 10626 | D:10     | Killed a gargoyle
 10984 | D:10     | Reached XP level 11. HP: 79/92 MP: 11/11
 11076 | D:10     | Found a burning altar of Makhleb.
 11935 | D:11     | Found Vyanor's Jewellery Emporium.
 11943 | D:11     | Bought a ring of poison resistance for 200 gold pieces
 11955 | D:11     | Noticed a two-headed ogre
 11958 | D:11     | Noticed Fannar
 11961 | D:11     | Killed a two-headed ogre
 12295 | D:11     | Killed Fannar
 12490 | D:11     | Identified the +9 quarterstaff of Shrieking Terror {vorpal,
                  | Str+3}
 12549 | D:11     | Reached skill level 5 in Evocations
 12788 | D:11     | Found a runed translucent gate.
 12788 | D:11     | Found a runed translucent gate.
 12789 | D:11     | Found a runed translucent gate.
 12790 | D:11     | Noticed a 12-headed hydra
 12791 | D:11     | Noticed porpoise's ghost (journeyman DrTm)
 12841 | D:11     | Found a staircase to the Lair.
 12894 | D:11     | Noticed a two-headed ogre
 12901 | D:11     | Slain by a two-headed ogre

Illustrated notes

Levels and vault maps discovered:
D:1:      lightli_arrival_noodles, layout_basic
D:2:      layout_loops_ring, shapermc_ecumenical_altar_notcrosses,
          lexackson_kobold_supper
D:3:      layout_basic, uniq_ijyb
D:4:      layout_rooms
D:5:      layout_basic, nicolae_sif_muna_condensation,
          pdpol_temple_overflow_zin_treasury_gozag_greed, serial_shops,
          nicolae_shop_window_shopping, minmay_a_box_with_orc_wizards_in_it,
          uniq_pikel, uniq_prince_ribbit1, uniq_duvessa, uniq_sigmund
D:6:      layout_basic, minmay_temple_entry_drinking_statues, dk_noncrumbling_3,
          lemuel_flame_loot_1
D:7:      minmay_clustersquares, layout_gridville, enter_ossuary_2,
          ebering_ghost_reflecting_pool, uniq_crazy_yiuf_cottage, uniq_joseph
D:8:      layout_cave_pools, lemuel_crystal_altar, minmay_shop_grid_forest,
          dreamdust_wishing_well
D:9:      layout_stronghold
D:10:     layout_loops_cross, mainiacjoe_overflow_surrounded_room
D:11:     layout_cave_pools, lair_entry_dummy, david_orc_1_choice, serial_shops,
          shop, gammafunk_ghost_hydra_chop, uniq_harold, uniq_fannar

Skill      XL: |  1  2  3  4  5  6  7  8  9 10 11 |
---------------+----------------------------------+-----
Dodging        | 3 4 5 6 7 |  7.8
Long Blades    | 4 5 6 7 9 12 14 | 14.0
Fighting       | 4 5 6 7 8 |  8.5
Evocations     | 3 5 |  5.2

Action                   |  1- 3 |  4- 6 |  7- 9 | 10-12 || total
-------------------------+-------+-------+-------+-------++-------
Melee: Falchion          |   140 |   105 |   435 |       ||   680
       Tailslap          |    13 |    14 |    62 |    63 ||   152
       Punch             |     2 |       |     6 |     1 ||     9
       Great sword       |       |       |    18 |   269 ||   287
       Dagger            |       |       |       |    10 ||    10
Throw: Stone             |     2 |       |     7 |     1 ||    10
Invok: Trog's Hand       |       |     4 |     4 |     3 ||    11
       Berserk           |       |     3 |    16 |    12 ||    31
       Brothers in Arms  |       |       |     1 |       ||     1
 Abil: Breathe Frost     |       |       |    18 |     3 ||    21
Evoke: Wand              |       |       |     1 |       ||     1
       Phial of floods   |       |       |       |     1 ||     1
  Use: Potion            |       |       |     4 |       ||     4
       Scroll            |       |       |    16 |     4 ||    20
 Stab: Sleeping          |     2 |       |     1 |     1 ||     4
Armor: Skin              |    53 |    29 |    64 |    73 ||   219
Dodge: Dodged            |    81 |    83 |   292 |   252 ||   708
       Repelled          |     2 |     1 |     7 |       ||    10

Table legend: (Time is in decaauts)
 A = Elapsed time spent in this place.
 B = Non-inter-level travel time spent in this place.
 C = Inter-level travel time spent in this place.
 D = Time resting spent in this place.
 E = Time spent auto-exploring this place.
 F = Levels seen in this place.
 G = Mean time per level.
                   A        B        C        D        E       F      G
               +--------+--------+--------+--------+--------+-----+--------+
         Total |  13123 |  12564 |    559 |   2117 |   7985 |  12 | 1093.6 |
       Dungeon |  12858 |  12299 |    559 |   2070 |   7940 |  11 | 1168.9 |
       Ossuary |    264 |    264 |      0 |     47 |     45 |   1 |  264.0 |
               +--------+--------+--------+--------+--------+-----+--------+

Top non-repeatable levels by time:
     D:5: 2043 daAuts
     D:7: 1797 daAuts
     D:9: 1735 daAuts
    D:10: 1520 daAuts
     D:2: 1046 daAuts
     D:3: 1039 daAuts
     D:1: 1022 daAuts
     D:6: 811 daAuts
     D:8: 751 daAuts
    D:11: 570 daAuts
     D:4: 520 daAuts
 Ossuary: 264 daAuts
